A- SE
ST. LUCIE METS @ CLEARWATER THRESHERS
09/01/2041
 
TOP OF THE 1ST
St. Lucie Mets batting - Pitching for Clearwater Threshers : RHP Artie Nichols
Pitching: RHP Artie Nichols
Batting: RHB Juan Carlos Valdillez 0-0: Ball
1-0: Called Strike
1-1: Foul Ball, location: 2F
1-2: Ball
2-2: Ball
3-2: Foul Ball, location: 7LDF
3-2: Foul Ball, location: 2F
3-2: Ground out 1-3 (Groundball, 15S, EV 76.9 MPH)
Batting: SHB Kevin French 0-0: Ball
1-0: Ball
2-0: Ball
3-0: Base on Balls
Batting: RHB Greg William 0-0: Grounds into double play, 4-6-3 (Groundball, 4, EV 98.8 MPH)
Top of the 1st over - 0 runs, 0 hits, 0 errors, 0 left on base; St. Lucie 0 - Clearwater 0
BOTTOM OF THE 1ST
Clearwater Threshers batting - Pitching for St. Lucie Mets : RHP Jim Unknown
Pitching: RHP Jim Unknown
Batting: RHB Ezra Hethrington 0-0: Ball
1-0: Ball
2-0: Called Strike
2-1: Swinging Strike
2-2: Foul Ball, location: 5F
2-2: Ball
3-2: Fly out, F8 (Flyball, 78M, EV 95.6 MPH)
Batting: LHB Johnny Roehl 0-0: Called Strike
0-1: Called Strike
0-2: Ball
1-2: Ball
2-2: Foul Ball, location: 2F
2-2: Ball
3-2: Base on Balls
Batting: LHB Jonathan Cole 0-0: Ball
1-0: Called Strike
1-1: Ball
2-1: Ball
Johnny Roehl steals 2nd base
3-1: Base on Balls
Batting: RHB Doug McDowell 0-0: Ball
1-0: Ball
2-0: Foul Ball, location: 2F
2-1: Swinging Strike
2-2: Strikes out swinging
Batting: RHB Dave Lee 0-0: Ball
1-0: Ball
2-0: Called Strike
2-1: Fielders Choice at 2nd, 5-4 (Groundball, 56, EV 106.9 MPH)
Bottom of the 1st over - 0 runs, 0 hits, 0 errors, 2 left on base; St. Lucie 0 - Clearwater 0
TOP OF THE 2ND
St. Lucie Mets batting - Pitching for Clearwater Threshers : RHP Artie Nichols
Batting: RHB Jim Unknown 0-0: Swinging Strike
0-1: Ball
1-1: Foul Ball, location: 23F
1-2: Strikes out swinging
Batting: RHB Jim Unknown 0-0: Ball
1-0: Ball
2-0: Ball
3-0: Called Strike
3-1: Base on Balls
Batting: SHB Jim Unknown 0-0: Ball
1-0: Called Strike
1-1: Ball
2-1: Ball
3-1: SINGLE (Line Drive, 78M, EV 104.4 MPH)
Jim Unknown to second
Batting: RHB Jim Unknown 0-0: Ball
1-0: Called Strike
1-1: Swinging Strike
1-2: Strikes out looking
Batting: RHB Jim Unknown 0-0: Ball
1-0: Ball
2-0: Ball
3-0: Called Strike
3-1: Fly out, F9 (Flyball, 9, EV 93.8 MPH)
Top of the 2nd over - 0 runs, 1 hit, 0 errors, 2 left on base; St. Lucie 0 - Clearwater 0
BOTTOM OF THE 2ND
Clearwater Threshers batting - Pitching for St. Lucie Mets : RHP Jim Unknown
Batting: LHB Ghenima Karani 0-0: Ball
1-0: Called Strike
1-1: Ball
2-1: SINGLE (Groundball, 23, EV 86.9 MPH) (infield hit)
Batting: RHB Juan Alba 0-0: DOUBLE (Flyball, 8LXD, EV 105.6 MPH)
Ghenima Karani to third
Batting: RHB Shawn Hartley 0-0: Called Strike
0-1: Called Strike
0-2: Foul Ball, location: 2F
0-2: Foul Ball, location: 2F
0-2: Ball
1-2: Strikes out swinging
Batting: RHB Danny Snyder 0-0: Ball
1-0: Ball
2-0: Fly out, F8 (Flyball, 8LS, EV 76.3 MPH)
Batting: RHB Ezra Hethrington 0-0: Ball
1-0: Called Strike
1-1: Swinging Strike
1-2: SINGLE (Groundball, 56, EV 106.3 MPH)
Ghenima Karani scores
Juan Alba to third
Runner from 3rd tries for Home, throw by LF and OUT! 7-2
Bottom of the 2nd over - 1 run, 3 hits, 0 errors, 1 left on base; St. Lucie 0 - Clearwater 1
TOP OF THE 3RD
St. Lucie Mets batting - Pitching for Clearwater Threshers : RHP Artie Nichols
Batting: RHB Jim Unknown 0-0: Ball
1-0: Called Strike
1-1: Swinging Strike
1-2: Ball
2-2: Strikes out looking
Batting: RHB Juan Carlos Valdillez 0-0: Ball
1-0: Ball
2-0: Foul Ball, location: 2F
2-1: Ball
3-1: Base on Balls
Batting: SHB Kevin French 0-0: Fly out, F5 (Line Drive, 5L, EV 71.3 MPH)
Batting: RHB Greg William 0-0: Called Strike
0-1: Ball
Juan Carlos Valdillez is caught stealing 2nd base 2-4
Top of the 3rd over - 0 runs, 0 hits, 0 errors, 0 left on base; St. Lucie 0 - Clearwater 1
BOTTOM OF THE 3RD
Clearwater Threshers batting - Pitching for St. Lucie Mets : RHP Jim Unknown
Batting: LHB Johnny Roehl 0-0: Ball
1-0: Fly out, F7 (Line Drive, 7S, EV 99.4 MPH)
Batting: LHB Jonathan Cole 0-0: Called Strike
0-1: Called Strike
0-2: Ball
1-2: Foul Ball, location: 2F
1-2: Strikes out swinging
Batting: RHB Doug McDowell 0-0: Ball
1-0: Ball
2-0: Ball
3-0: Base on Balls
Batting: RHB Dave Lee 0-0: Called Strike
0-1: Ball
1-1: Fly out, F8 (Flyball, 8LM, EV 81.9 MPH)
Bottom of the 3rd over - 0 runs, 0 hits, 0 errors, 1 left on base; St. Lucie 0 - Clearwater 1
TOP OF THE 4TH
St. Lucie Mets batting - Pitching for Clearwater Threshers : RHP Artie Nichols
Batting: RHB Greg William 0-0: Called Strike
0-1: Ball
1-1: Foul Ball, location: 23F
1-2: Ball
2-2: Fly out, F7 (Flyball, 7S, EV 93.8 MPH)
Batting: RHB Jim Unknown 0-0: DOUBLE (Line Drive, 89D, EV 110.0 MPH)
Batting: RHB Jim Unknown 0-0: Ball
1-0: Called Strike
1-1: Ball
2-1: Ball
3-1: Base on Balls
Batting: SHB Jim Unknown 0-0: Called Strike
0-1: Called Strike
0-2: Ball
1-2: Fly out, F8 (Flyball, 8RD, EV 94.4 MPH)
Batting: RHB Jim Unknown 0-0: Ball
1-0: Swinging Strike
1-1: Ball
2-1: Called Strike
2-2: Ball
3-2: Base on Balls
Jim Unknown to third
Jim Unknown to second
Batting: RHB Jim Unknown 0-0: Ball
1-0: Called Strike
1-1: Foul Ball, location: 23F
1-2: Ball
2-2: Ball
3-2: Base on Balls
Jim Unknown scores
Jim Unknown to third
Jim Unknown to second
Pitching: RHP Ernesto Segura
Batting: RHB Jim Unknown 0-0: Foul Ball, location: 5FF
0-1: Foul Ball, location: 7LMF
0-2: Ball
1-2: Foul Ball, location: 3SF
1-2: Foul Ball, location: 2F
1-2: Fly out, F9 (Flyball, 9, EV 90.6 MPH)
Top of the 4th over - 1 run, 1 hit, 0 errors, 3 left on base; St. Lucie 1 - Clearwater 1
BOTTOM OF THE 4TH
Clearwater Threshers batting - Pitching for St. Lucie Mets : RHP Jim Unknown
Batting: LHB Ghenima Karani 0-0: Swinging Strike
0-1: Ball
1-1: Swinging Strike
1-2: Strikes out swinging
Batting: RHB Juan Alba 0-0: Called Strike
0-1: SINGLE (Flyball, 7LS, EV 91.9 MPH) - OUT at second base trying to stretch hit.
Batting: RHB Shawn Hartley 0-0: Foul Ball, location: 2F
0-1: SINGLE (Line Drive, 89S, EV 97.5 MPH)
Batting: RHB Danny Snyder 0-0: Called Strike
0-1: Foul Ball, location: 5FF
0-2: DOUBLE (Line Drive, 9LM, EV 104.4 MPH)
Shawn Hartley to third
Batting: RHB Ezra Hethrington 0-0: Ball
1-0: Called Strike
1-1: Called Strike
1-2: Fly out, F6 (Popup, 6MS, EV 68.8 MPH)
Bottom of the 4th over - 0 runs, 3 hits, 0 errors, 2 left on base; St. Lucie 1 - Clearwater 1
TOP OF THE 5TH
St. Lucie Mets batting - Pitching for Clearwater Threshers : RHP Ernesto Segura
Batting: RHB Juan Carlos Valdillez 0-0: Ball
1-0: Foul Ball, location: 3FF
1-1: Ball
2-1: Foul Ball, location: 5DF
2-2: Ball
3-2: Base on Balls
Batting: SHB Kevin French 0-0: Swinging Strike
Juan Carlos Valdillez steals 2nd base
0-1: Foul Ball, location: 7LSF
0-2: Ball
1-2: Strikes out looking
Batting: RHB Greg William 0-0: Ball
1-0: Fly out, F9 (Flyball, 89M, EV 89.4 MPH)
Batting: RHB Jim Unknown 0-0: SINGLE (Line Drive, 78S, EV 105.0 MPH)
Juan Carlos Valdillez to third
Runner from 3rd tries for Home, SAFE, throw by LF to home
Batting: RHB Jim Unknown 0-0: Ball
1-0: Ball
2-0: Ball
3-0: Swinging Strike
3-1: Fielders Choice at 2nd, 5-4 (Groundball, 56, EV 100.0 MPH)
Top of the 5th over - 1 run, 1 hit, 0 errors, 1 left on base; St. Lucie 2 - Clearwater 1
BOTTOM OF THE 5TH
Clearwater Threshers batting - Pitching for St. Lucie Mets : RHP Jim Unknown
Batting: LHB Johnny Roehl 0-0: Swinging Strike
0-1: Ground out 6-3 (Groundball, 6M, EV 85.6 MPH)
Batting: LHB Jonathan Cole 0-0: Ball
1-0: Called Strike
1-1: Foul Ball, location: 7LSF
1-2: Ball
2-2: Strikes out looking
Batting: RHB Doug McDowell 0-0: Ground out 5-3 (Groundball, 56, EV 78.1 MPH)
Bottom of the 5th over - 0 runs, 0 hits, 0 errors, 0 left on base; St. Lucie 2 - Clearwater 1
TOP OF THE 6TH
St. Lucie Mets batting - Pitching for Clearwater Threshers : RHP Ernesto Segura
Batting: SHB Jim Unknown 0-0: Fly out, F9 (Flyball, 89S, EV 92.5 MPH)
Batting: RHB Jim Unknown 0-0: Called Strike
0-1: DOUBLE (Line Drive, 78M, EV 106.9 MPH)
Batting: RHB Jim Unknown 0-0: Called Strike
0-1: Fly out, F8 (Flyball, 8RM, EV 90.6 MPH)
Batting: RHB Jim Unknown 0-0: Swinging Strike
0-1: Called Strike
0-2: Strikes out swinging
Top of the 6th over - 0 runs, 1 hit, 0 errors, 1 left on base; St. Lucie 2 - Clearwater 1
BOTTOM OF THE 6TH
Clearwater Threshers batting - Pitching for St. Lucie Mets : RHP Jim Unknown
Batting: RHB Dave Lee 0-0: Ball
1-0: Swinging Strike
1-1: Ball
2-1: Ball
3-1: Foul Ball, location: 9LDF
3-2: Base on Balls
Batting: LHB Ghenima Karani
Pinch Hitting: RHB T.J. Lacy 0-0: Ball
Dave Lee steals 2nd base
1-0: Ball
2-0: Ball
3-0: Called Strike
3-1: Called Strike
3-2: Ground out 6-3 (Groundball, 6D, EV 96.3 MPH)
Dave Lee to third
Pinch Hitting: RHB Gijsbert Kranendonk 0-0: Ball
1-0: Ball
2-0: Ball
3-0: Base on Balls
Pinch Hitting: LHB Robinson Manuel 0-0: Ball
1-0: Ball
2-0: Ball
3-0: Base on Balls
Gijsbert Kranendonk to second
Batting: RHB Danny Snyder 0-0: Foul Ball, location: 9LSF
0-1: Foul Ball, location: 2F
0-2: Strikes out swinging
Pitching: LHP Jim Unknown
Batting: RHB Ezra Hethrington 0-0: Called Strike
0-1: Foul Ball, location: 7LMF
0-2: Foul Ball, location: 3FF
0-2: Foul Ball, location: 2F
0-2: Ball
1-2: Ground out 5-3 (Groundball, 56, EV 100.0 MPH)
Bottom of the 6th over - 0 runs, 0 hits, 0 errors, 3 left on base; St. Lucie 2 - Clearwater 1
TOP OF THE 7TH
St. Lucie Mets batting - Pitching for Clearwater Threshers : RHP Ernesto Segura
Now at 1B: Gijsbert Kranendonk
Now at 2B: Robinson Manuel
Now at 3B: T.J. Lacy
Batting: RHB Juan Carlos Valdillez 0-0: Foul Ball, location: 9LDF
0-1: Ball
1-1: Ball
2-1: Ball
3-1: Base on Balls
Batting: SHB Kevin French 0-0: Called Strike
Juan Carlos Valdillez steals 2nd base
0-1: Called Strike
0-2: Strikes out swinging
Batting: RHB Greg William 0-0: Ball
Juan Carlos Valdillez steals 3rd base
1-0: Called Strike
1-1: Foul Ball, location: 2F
1-2: Fly out, F3 (Popup, 3SF, EV 78.1 MPH)
Batting: RHB Jim Unknown 0-0: Fly out, F7 (Flyball, 7D, EV 103.1 MPH)
Top of the 7th over - 0 runs, 0 hits, 0 errors, 1 left on base; St. Lucie 2 - Clearwater 1
BOTTOM OF THE 7TH
Clearwater Threshers batting - Pitching for St. Lucie Mets : LHP Jim Unknown
Pinch Hitting: RHB Rob Coffey 0-0: Ball
1-0: Foul Ball, location: 5F
1-1: Called Strike
1-2: Ground out 6-3 (Groundball, 6, EV 80.6 MPH)
Pinch Hitting: RHB Sergio Ledesma 0-0: Ball
1-0: Ball
2-0: Called Strike
2-1: Swinging Strike
2-2: Foul Ball, location: 2F
2-2: Ball
3-2: Foul Ball, location: 2F
3-2: Base on Balls
Batting: RHB Doug McDowell 0-0: Ball
1-0: Ball
2-0: Ball
3-0: Called Strike
3-1: SINGLE (Line Drive, 7S, EV 91.3 MPH)
Sergio Ledesma to second
Pinch Hitting: LHB Rod Yabsley 0-0: Ball
1-0: Fly out, F9 (Flyball, 9LS, EV 95.6 MPH)
Batting: RHB T.J. Lacy 0-0: Ball
1-0: Ball
2-0: Swinging Strike
2-1: Foul Ball, location: 2F
2-2: Strikes out swinging
Bottom of the 7th over - 0 runs, 1 hit, 0 errors, 2 left on base; St. Lucie 2 - Clearwater 1
TOP OF THE 8TH
St. Lucie Mets batting - Pitching for Clearwater Threshers : RHP Ernesto Segura
Now in LF: Sergio Ledesma
Now in CF: Alfredo Román
Now in RF: Rod Yabsley
Batting: RHB Jim Unknown 0-0: Ball
1-0: Ball
2-0: Called Strike
2-1: Ball
3-1: Base on Balls
Batting: SHB Jim Unknown 0-0: Called Strike
Jim Unknown steals 2nd base
0-1: Foul Ball, location: 7LMFF
0-2: Ball
1-2: SINGLE (Flyball, 9S, EV 91.9 MPH)
Jim Unknown to third
Pitching: LHP Juan White
Batting: RHB Jim Unknown 0-0: Swinging Strike
0-1: Ball
Passed Ball!
Jim Unknown scores
Jim Unknown to second
1-1: Fly out, F9 (Flyball, 89S, EV 86.3 MPH)
Batting: RHB Jim Unknown 0-0: Ball
1-0: Ball
2-0: Ball
Wild Pitch!
Jim Unknown to third
3-0: Base on Balls
Batting: RHB Jim Unknown 0-0: Foul Ball, location: 25FF
0-1: Ball
1-1: Fly out, F9 (Flyball, 9LM, EV 96.9 MPH)
Runner from 3rd tags up, SCORES, throw by RF
Batting: RHB Juan Carlos Valdillez 0-0: Called Strike
0-1: Ground out 4-3 (Groundball, 4, EV 83.8 MPH)
Top of the 8th over - 2 runs, 1 hit, 0 errors, 1 left on base; St. Lucie 4 - Clearwater 1
BOTTOM OF THE 8TH
Clearwater Threshers batting - Pitching for St. Lucie Mets : LHP Jim Unknown
Batting: RHB Gijsbert Kranendonk 0-0: Called Strike
0-1: Foul Ball, location: 3DF
0-2: Foul Ball, location: 5F
0-2: Ball
1-2: DOUBLE (Flyball, 8LXD, EV 109.4 MPH)
Pinch Hitting: RHB Dan Wilson 0-0: Swinging Strike
0-1: Ball
1-1: Ball
2-1: SINGLE (Groundball, 4MS, EV 83.8 MPH)
Gijsbert Kranendonk to third
Batting: RHB Danny Snyder 0-0: Fielders Choice at home, 5-2 (Groundball, 56S, EV 70.6 MPH)
Dan Wilson to second
Batting: RHB Ezra Hethrington 0-0: Ball
1-0: Called Strike
1-1: Ball
2-1: Ball
3-1: Called Strike
3-2: Foul Ball, location: 25F
3-2: Foul Ball, location: 2F
3-2: TRIPLE (Groundball, 3L, EV 95.0 MPH)
Dan Wilson scores
Danny Snyder scores
Batting: RHB Alfredo Román 0-0: SINGLE (Groundball, 6, EV 105.0 MPH) (infield hit)
Ezra Hethrington scores
Batting: RHB Sergio Ledesma 0-0: Ball
1-0: Ball
2-0: Ball
3-0: Base on Balls
Alfredo Román to second
Batting: RHB Doug McDowell 0-0: Fly out, F9 (Flyball, 9, EV 86.3 MPH)
Pitching: RHP Jim Unknown
Batting: LHB Rod Yabsley 0-0: Called Strike
0-1: Swinging Strike
0-2: Strikes out swinging
Bottom of the 8th over - 3 runs, 4 hits, 0 errors, 2 left on base; St. Lucie 4 - Clearwater 4
TOP OF THE 9TH
St. Lucie Mets batting - Pitching for Clearwater Threshers : LHP Juan White
Now at 2B: Dan Wilson
Batting: SHB Kevin French 0-0: Ball
1-0: Foul Ball, location: 2F
1-1: Ball
2-1: Ball
3-1: Base on Balls
Batting: RHB Greg William 0-0: Ball
1-0: Called Strike
1-1: Ball
2-1: Fly out, F8 (Flyball, 8RXD, EV 95.6 MPH)
Batting: RHB Jim Unknown 0-0: Ball
1-0: Ball
Pickoff Throw to First - Out! 1-3
2-0: Ball
3-0: Called Strike
3-1: Ground out 5-3 (Groundball, 56S, EV 85.0 MPH)
Top of the 9th over - 0 runs, 0 hits, 0 errors, 0 left on base; St. Lucie 4 - Clearwater 4
BOTTOM OF THE 9TH
Clearwater Threshers batting - Pitching for St. Lucie Mets : RHP Jim Unknown
Batting: RHB T.J. Lacy 0-0: Ball
1-0: Fly out, F6 (Popup, 4M, EV 70.0 MPH)
Batting: RHB Gijsbert Kranendonk 0-0: Ball
1-0: Ball
2-0: Called Strike
2-1: Foul Ball, location: 2F
2-2: Strikes out swinging
Batting: RHB Dan Wilson 0-0: Foul Ball, location: 9LMFF
0-1: Foul Ball, location: 3SF
0-2: Ball
1-2: Fly out, F9 (Flyball, 9, EV 80.0 MPH)
Bottom of the 9th over - 0 runs, 0 hits, 0 errors, 0 left on base; St. Lucie 4 - Clearwater 4
TOP OF THE 10TH
St. Lucie Mets batting - Pitching for Clearwater Threshers : LHP Juan White
Pitching: RHP Cristián Nuece
Batting: RHB Jim Unknown 0-0: Ball
1-0: Ball
2-0: Ball
3-0: Base on Balls
Pinch Hitting: RHB Jim Unknown 0-0: Fly out, F8 (Flyball, 89D, EV 88.8 MPH)
Pinch Hitting: RHB Jim Unknown 0-0: Ball
1-0: Swinging Strike
1-1: SINGLE (Flyball, 89S, EV 94.4 MPH)
Jim Unknown to second
Pinch Hitting: SHB Jim Unknown 0-0: Called Strike
0-1: Ball
1-1: Ball
2-1: Swinging Strike
2-2: Fly out, F9 (Flyball, 9, EV 94.4 MPH)
Batting: RHB Jim Unknown 0-0: Ball
1-0: Called Strike
1-1: Called Strike
1-2: Foul Ball, location: 3SF
1-2: Strikes out looking
Top of the 10th over - 0 runs, 1 hit, 0 errors, 2 left on base; St. Lucie 4 - Clearwater 4
BOTTOM OF THE 10TH
Clearwater Threshers batting - Pitching for St. Lucie Mets : RHP Jim Unknown
Now at C: Jim Unknown
Now at 1B: Kevin French
Now at SS: Jim Unknown
Now in LF: Jim Unknown
Pinch Hitting: RHB Ed Solís 0-0: Called Strike
0-1: Ball
1-1: Ball
2-1: Foul Ball, location: 7LMF
2-2: Strikes out swinging
Batting: RHB Ezra Hethrington 0-0: Foul Ball, location: 7LDF
0-1: Ball
1-1: Called Strike
1-2: Ball
2-2: Ball
3-2: Base on Balls
Batting: RHB Alfredo Román 0-0: Ball
Ezra Hethrington is caught stealing 2nd base 2-4
1-0: Ground out 6-3 (Groundball, P, EV 85.0 MPH)
Bottom of the 10th over - 0 runs, 0 hits, 0 errors, 0 left on base; St. Lucie 4 - Clearwater 4
TOP OF THE 11TH
St. Lucie Mets batting - Pitching for Clearwater Threshers : RHP Cristián Nuece
Now at C: Ed Solís
Batting: RHB Juan Carlos Valdillez 0-0: Ball
1-0: Ball
2-0: Ball
3-0: Called Strike
3-1: DOUBLE (Flyball, 7LD, EV 104.4 MPH)
Batting: SHB Kevin French 0-0: Intentional Walk
Batting: RHB Greg William 0-0: Ball
1-0: Ball
Juan Carlos Valdillez is caught stealing 3rd base 2-5
2-0: Foul Ball, location: 2F
2-1: Swinging Strike
2-2: Strikes out swinging
Kevin French steals 2nd base
Batter strikes out.
Batting: RHB Jim Unknown 0-0: Ball
1-0: Called Strike
1-1: Called Strike
1-2: Ball
2-2: Ground out 4-3 (Groundball, 4, EV 100.0 MPH)
Top of the 11th over - 0 runs, 1 hit, 0 errors, 1 left on base; St. Lucie 4 - Clearwater 4
BOTTOM OF THE 11TH
Clearwater Threshers batting - Pitching for St. Lucie Mets : RHP Jim Unknown
Batting: RHB Sergio Ledesma 0-0: Foul Ball, location: 2F
0-1: Ball
1-1: Ball
2-1: Fly out, F7 (Flyball, 7, EV 87.5 MPH)
Batting: RHB Doug McDowell 0-0: Ball
1-0: SINGLE (Line Drive, 8LS, EV 84.4 MPH)
Batting: LHB Rod Yabsley 0-0: Called Strike
0-1: Ball
1-1: SINGLE (Groundball, 34D, EV 98.8 MPH)
Doug McDowell to second
Batting: RHB T.J. Lacy 0-0: Fly out, F9 (Line Drive, 9, EV 108.1 MPH)
Runner from 2nd tags up, SAFE at 3rd with throw by RF
Batting: RHB Gijsbert Kranendonk 0-0: Called Strike
0-1: Foul Ball, location: 5SF
0-2: Strikes out swinging
Bottom of the 11th over - 0 runs, 2 hits, 0 errors, 2 left on base; St. Lucie 4 - Clearwater 4
TOP OF THE 12TH
St. Lucie Mets batting - Pitching for Clearwater Threshers : RHP Cristián Nuece
Pitching: LHP Joe Ortíz
Batting: RHB Jim Unknown 0-0: Foul Ball, location: 2RF
0-1: Ground out 4-3 (Groundball, 4, EV 89.4 MPH)
Batting: LHB Jim Unknown 0-0: Ground out 6-3 (Groundball, 6, EV 91.9 MPH)
Pinch Hitting: RHB Jim Unknown 0-0: Called Strike
0-1: Called Strike
0-2: Foul Ball, location: 3F
0-2: Ball
1-2: Ball
2-2: Strikes out swinging
Top of the 12th over - 0 runs, 0 hits, 0 errors, 0 left on base; St. Lucie 4 - Clearwater 4
BOTTOM OF THE 12TH
Clearwater Threshers batting - Pitching for St. Lucie Mets : RHP Jim Unknown
Now in LF: Jim Unknown
Batting: RHB Dan Wilson 0-0: Swinging Strike
0-1: Ball
1-1: Ball
2-1: Swinging Strike
2-2: Ball
3-2: Strikes out swinging
Batting: RHB Ed Solís 0-0: Ball
1-0: Foul Ball, location: 23F
1-1: Ball
2-1: Foul Ball, location: 9LMF
2-2: Foul Ball, location: 2F
2-2: Fly out, F9 (Flyball, 89M, EV 87.5 MPH)
Batting: RHB Ezra Hethrington 0-0: Called Strike
0-1: Ball
1-1: Foul Ball, location: 2F
1-2: Ball
2-2: Foul Ball, location: 2F
2-2: Strikes out looking
Bottom of the 12th over - 0 runs, 0 hits, 0 errors, 0 left on base; St. Lucie 4 - Clearwater 4
TOP OF THE 13TH
St. Lucie Mets batting - Pitching for Clearwater Threshers : LHP Joe Ortíz
Pinch Hitting: RHB Jim Unknown 0-0: Ball
1-0: Fly out, F4 (Line Drive, 4, EV 70.6 MPH)
Batting: RHB Jim Unknown 0-0: Ball
1-0: Swinging Strike
1-1: Swinging Strike
1-2: SINGLE (Groundball, 4MD, EV 103.1 MPH)
Batting: RHB Juan Carlos Valdillez 0-0: Ball
1-0: Called Strike
1-1: Ball
2-1: Ball
3-1: Base on Balls
Jim Unknown to second
Batting: SHB Kevin French 0-0: Ball
1-0: Ball
2-0: Grounds into double play, 3-6-3 (Groundball, 34, EV 94.4 MPH)
Top of the 13th over - 0 runs, 1 hit, 0 errors, 1 left on base; St. Lucie 4 - Clearwater 4
BOTTOM OF THE 13TH
Clearwater Threshers batting - Pitching for St. Lucie Mets : RHP Jim Unknown
Pitching: RHP Jim Unknown
Now at 3B: Jim Unknown
Now at SS: Jim Unknown
Batting: RHB Alfredo Román 0-0: Ball
1-0: Swinging Strike
1-1: Single, Error in OF, E9, batter to second base (Line Drive, 89M, EV 105.6 MPH)
Batting: RHB Sergio Ledesma 0-0: Foul Ball, location: 3F
0-1: Ball
1-1: Called Strike
1-2: Strikes out swinging
Batting: RHB Doug McDowell 0-0: Ball
1-0: Fly out, F8 (Flyball, 8RD, EV 105.6 MPH)
Batting: LHB Rod Yabsley 0-0: Foul Ball, location: 5F
0-1: SINGLE (Line Drive, 6M, EV 99.4 MPH)
Alfredo Román to third
Runner from 3rd tries for Home, SAFE, throw by CF to home
Bottom of the 13th over - 1 run, 2 hits, 1 error, 1 left on base; St. Lucie 4 - Clearwater 5
Monday, April 1st , 2024 - OOTP Baseball 24.10 Build 82